 Dungeon Crawl Stone Soup version 0.31.0-9-g3a7656b989 (webtiles) character file.

Game seed: 490471344109651819

88 qw the Shooter (level 4, 0/25 HPs)
             Began as a Deep Elf Hunter on Feb 2, 2024.
             Killed by divine providence
             ... invoked by an orc priest
              (17 damage)
             ... on level 3 of the Dungeon.
             The game lasted 00:00:09 (2343 turns).

qw the Shooter (Deep Elf Hunter)                    Turns: 2343, Time: 00:00:09

Health: 0/25       AC:  9    Str: 10    XL:     4   Next: 30%
Magic:  6/6        EV:  9    Int: 14    God:
Gold:   124        SH:  0    Dex: 18    Spells: 3/3 levels left

rFire   . . .        a - +0 shortbow
rCold   . . .        (shield currently unavailable)
rNeg    . . .        j - +3 scale mail
rPois   .            (no helmet)
rElec   .            (no cloak)
rCorr   .            (no gloves)
SInv    .            (no boots)
Will    .....        (no amulet)
Stlth   +            (no ring)
HPRegen 0.24/turn    (no ring)
MPRegen 0.10/turn

%: no passive effects
@: no status effects
A: no striking features
a: no special abilities


You were on level 3 of the Dungeon.
You visited 1 branch of the dungeon, and saw 4 of its levels.

You collected 124 gold pieces.


   Skills:
 - Level 1.5 Fighting
 + Level 7.7 Ranged Weapons
 - Level 2.4 Dodging
 - Level 1.2 Stealth


You had 3 spell levels left.
You didn't know any spells.
Your spell library was empty.

Inventory:

Hand Weapons
 a - a +0 shortbow (weapon)
Armour
 j - a +3 scale mail (worn)
Scrolls
 d - 4 scrolls of teleportation
Potions
 b - a potion of lignification {unknown}
 c - a potion of enlightenment
 e - a potion of berserk rage {unknown}
 g - a potion of mutation

Dungeon Overview and Level Annotations

Branches:
Dungeon (4/15)
 Temple: D:4-7

Altars:
Hepliaklqana

Shops:
D:1 !


Message History

You shoot an arrow.
The arrow hits the phantom but does no damage.
The phantom is lightly damaged.
The phantom hits you.
The phantom blinks!
You blink.
The orc barely misses you. The phantom hits you.
The phantom blinks!
You blink.
The orc priest hits you but does no damage.
2336 ||| STAIRDANCE The orc priest hits you but does no damage.
The phantom hits you but does no damage.
You climb upwards.
There is a stone staircase leading down here.
You shoot an arrow. The arrow hits the phantom.
The phantom is moderately damaged.
The orc priest hits you but does no damage.
The phantom hits you but does no damage.
You shoot an arrow.
The arrow hits the phantom but does no damage.
The phantom is moderately damaged.
The orc priest hits you but does no damage.
The phantom hits you.
You shoot an arrow. The arrow misses the phantom.
The orc priest hits you with a +0 hand axe.
The phantom misses you. The orc priest misses you. The phantom hits you.
You shoot an arrow.
The arrow hits the phantom but does no damage.
The phantom is moderately damaged.
The orc priest misses you.
The phantom hits you but does no damage.
You shoot an arrow. The arrow hits the phantom!
The phantom is heavily damaged.
The orc priest hits you but does no damage.
The phantom closely misses you.
You shoot an arrow. The arrow hits the phantom.
The phantom is severely damaged.
The orc priest barely misses you.
The phantom hits you but does no damage.
The orc priest mumbles some strange prayers to Beogh against you.
Beogh smites you!
Ouch! That really hurt!
You die...

#######.##..........
#.###.#.###### #.#
#.#.###### #.#
#.#...)...
#.###.########
##.....###
##.#......# ##
####.##..#.#.## #.
#o@W..........# #.
#.##.##..#.#..# #.
#.###.#.......# #.
#.# ##...####.# #.
#.# ##.## #.# #.
#.#####.#####.# #.
#.............# #.
#######.####### #.
#.# #.


You could see a phantom and an orc priest.

Vanquished Creatures
  A gnoll (D:1)
  An adder (D:2)
  2 dart slugs (D:3)
  A ribbon worm (D:2)
  5 orcs
  7 ball pythons
  4 bats
  5 endoplasms
  2 giant cockroaches
  3 hobgoblins
  2 quokkas
  5 frilled lizards
  3 goblins
  12 kobolds
  5 rats
58 creatures vanquished.

Notes
Turn   | Place    | Note
-------+----------+-------------------------------------------
     0 | D:1      | qw the Deep Elf Hunter began the quest for the Orb.
     0 | D:1      | Reached XP level 1. HP: 12/12 MP: 3/3
     0 | D:1      | 0 ||| qw: Version: 0.3-a-155-g5e7d8dd
     0 | D:1      | 0 ||| qw: Game counter: 1363
     0 | D:1      | 0 ||| qw: Melee chars always use a shield: true
     0 | D:1      | 0 ||| qw: God list: Okawaru
     0 | D:1      | 0 ||| qw: Allow faded altars: false
     0 | D:1      | 0 ||| qw: Do Orc after clearing Dungeon:15 true
     0 | D:1      | 0 ||| qw: Do second Lair branch before Depths: true
     0 | D:1      | 0 ||| qw: Lair rune preference: random
     0 | D:1      | 0 ||| qw: Goals: Normal
     0 | D:1      | 0 ||| PLANNING D:1-11
   132 | D:1      | Reached XP level 2. HP: 13/16 MP: 4/4
   226 | D:1      | Reached skill level 6 in Ranged Weapons
   394 | D:1      | Found Jivvonkia's Distillery.
   401 | D:1      | 401 ||| SHOPLISTING potion of curing (42 gold, have 16).
   401 | D:1      | 401 ||| SHOPLISTING potion of enlightenment (70 gold, have
                  | 16).
   401 | D:1      | 401 ||| SHOPLISTING potion of mutation (112 gold, have 16).
   401 | D:1      | 401 ||| SHOPLISTING potion of resistance (140 gold, have
                  | 16).
   444 | D:1      | Reached XP level 3. HP: 20/20 MP: 5/5
   707 | D:1      | 707 ||| UPGRADING to +3 scale mail.
   717 | D:1      | 717 ||| DROPPING +0 leather armour.
   718 | D:1      | 718 ||| READING scroll labelled UKIS DEANYLAQE.
   718 | D:1      | 718 ||| IDENTIFYING fuming blue potion
   719 | D:1      | 719 ||| READING scroll labelled JIMOYTS INKYI.
   719 | D:1      | 719 ||| ENCHANTING +0 shortbow.
   720 | D:1      | 720 ||| READING scroll labelled AHOSYX PAIBBAM.
   721 | D:1      | 721 ||| READING scroll labelled ILUNLI DAOWA.
   822 | D:1      | 822 ||| READING scroll labelled EROCZALOKI.
   823 | D:1      | 823 ||| DRINKING 3 metallic dark potions.
   824 | D:1      | 824 ||| DROPPING scroll of butterflies.
   825 | D:1      | 825 ||| DROPPING 2 potions of magic.
   974 | D:2      | Found a hazy altar of Hepliaklqana.
  1143 | D:2      | Reached skill level 7 in Ranged Weapons
  1590 | D:2      | 1590 ||| READING 3 scrolls of identify.
  1590 | D:2      | 1590 ||| IDENTIFYING viscous purple potion
  1591 | D:2      | 1591 ||| READING 2 scrolls of identify.
  1591 | D:2      | 1591 ||| IDENTIFYING 2 coppery potions
  1592 | D:2      | 1592 ||| READING scroll of identify.
  1592 | D:2      | 1592 ||| IDENTIFYING 2 emerald potions
  1593 | D:2      | 1593 ||| READING scroll labelled HUXOD USHESH.
  1594 | D:2      | 1594 ||| DROPPING 2 potions of brilliance.
  1595 | D:2      | 1595 ||| DROPPING 2 potions of ambrosia.
  1828 | D:3      | Reached XP level 4. HP: 25/25 MP: 6/6
  1913 | D:3      | 1913 ||| STAIRDANCE
  1947 | D:2      | 1947 ||| READING scroll labelled HASTROU OMOWIEN.
  1948 | D:2      | 1948 ||| READING 2 scrolls labelled RIUSKA RE NIXT.
  2297 | D:4      | Noticed a phantom
  2298 | D:4      | 2298 ||| STAIRDANCE
  2336 | D:4      | 2336 ||| STAIRDANCE
  2343 | D:3      | Killed from afar by an orc priest

Levels and vault maps discovered:
D:1:      wander_arrival_chamber, layout_basic, serial_shops, shop
D:2:      layout_rooms, basic_altar, nicolae_hexahallways, nicolae_titane
D:3:      layout_loops_ring
D:4:      layout_loops_ring, nicolae_vehumet_altar_sigil, minmay_small_thing

Skill      XL: |  1  2  3 |
---------------+----------+-----
Ranged Weapons | 6 7 |  7.7
Fighting       | |  1.5
Dodging        | |  2.4
Stealth        | |  1.2

Action                     |  1- 3 |  4- 6 || total
---------------------------+-------+-------++-------
   Fire: Shortbow          |   128 |    65 ||   193
    Use: Scroll            |     9 |     2 ||    11
         Potion            |     1 |       ||     1
 Armour: Leather armour    |     9 |       ||     9
         Scale mail        |    23 |    47 ||    70
  Dodge: Dodged            |    34 |    20 ||    54

Table legend:
 A = Non-vault XP
 B = Vault XP
 C = Vault XP percentage of total XP
 D = Non-vault monster count
 E = Vault monster count
 F = Vault count percentage of total count
                 A         B        C        D         E       F
            +---------+---------+-------+---------+---------+-------
      Total |     127 |       0 |   0.0 |      58 |       0 |   0.0
            +---------+---------+-------+---------+---------+-------
        D:1 |      42 |       0 |   0.0 |      19 |       0 |   0.0
        D:2 |      45 |       0 |   0.0 |      19 |       0 |   0.0
        D:3 |      40 |       0 |   0.0 |      20 |       0 |   0.0
            +---------+---------+-------+---------+---------+-------
